 Dungeon Crawl Stone Soup version 0.30-a0-1082-g70414cbcbb (webtiles) character file.

Game seed: 16790106844180447770

142860 jrbgvjkr the Tortoise (level 16, -21/154 HPs)
             Began as a Minotaur Fighter on Apr 14, 2023.
             Was the Champion of Okawaru.
             Demolished by Arachne the simulacrum (41 damage)
             ... on level 2 of the Spider Nest on Apr 15, 2023.
             The game lasted 00:48:57 (21666 turns).

jrbgvjkr the Tortoise (Minotaur Fighter)           Turns: 21666, Time: 00:48:57

Health: -21/154    AC: 42    Str: 29      XL:     16   Next: 81%
Magic:  15/15      EV: 13    Int:  2 (3)  God:    Okawaru [******]
Gold:   3428       SH:  8    Dex: 10      Spells: 15/15 levels left

rFire   . . .      SeeInvis .    G - +4 broad axe (protect)
rCold   . . .      Faith    .    c - +0 buckler
rNeg    + + .      Spirit   .    J - +7 plate armour of Insurance {rF+}
rPois   +          Reflect  .    D - +2 hat {Will+}
rElec   .          Rampage  .    i - +2 cloak
rCorr   .                        M - +1 pair of gloves of Qoqefev {rN++ Will++ Stlth-}
Will    ++++.                    z - +2 pair of boots Stlth
                                 f - amulet of regeneration
HPRegen 1.25/turn                A - +4 ring of slaying
MPRegen 0.14/turn                L - ring of poison resistance

@: mighty, lethally poisoned (-21 -> -36), corroded, under a protective aura,
studying 2 skills, unable to drink
A: horns 2, retaliatory headbutt, iridescent scales 1, dopey 1, heat
vulnerability 1, subdued magic 1, inability to drink after injury 1
a: Renounce Religion, Heroism, Finesse, Duel


You were on level 2 of the Spider Nest.
You worshipped Okawaru.
Okawaru was exalted by your worship.
You visited 5 branches of the dungeon, and saw 25 of its levels.
You also visited: Ice Cave and Volcano.

You collected 3939 gold pieces.
You spent 511 gold pieces at shops.

Inventory:

Hand Weapons
 p - a +2 war axe of flaming
 G - a +4 broad axe of protection (weapon)
Armour
 c - a +0 buckler (worn)
 i - a +2 cloak (worn)
 z - a +2 pair of boots (worn)
 D - a +2 hat of willpower (worn)
 I - a +4 scale mail of poison resistance
 J - the +7 plate armour of Insurance (worn) {rF+}
   (Okawaru gifted it to you in a volcano)

   rF:        It protects you from fire.
 M - the +1 pair of gloves of Qoqefev (worn) {rN++ Will++ Stlth-}
   (Okawaru gifted it to you on level 3 of the Lair of Beasts)

   rN:        It greatly protects you from negative energy.
   Will:      It greatly increases your willpower.
   Stlth:     It makes you less stealthy.
 O - a +3 chain mail of fire resistance
Jewellery
 f - an amulet of regeneration (around neck)
 v - a ring of flight
 A - a +4 ring of slaying (left hand)
 F - a +4 ring of protection
 L - a ring of poison resistance (right hand)
Wands
 b - a wand of light (11)
 m - a wand of flame (73)
 r - a wand of polymorph (29)
 u - a wand of mindburst (10)
 C - a wand of roots (19)
Scrolls
 k - a scroll of silence
 q - 3 scrolls of fear
 s - a scroll of blinking
 t - 3 scrolls of immolation
 x - 7 scrolls of teleportation
 y - 7 scrolls of fog
 B - a scroll of magic mapping
 H - 16 scrolls of identify
 K - a scroll of enchant armour
Potions
 a - 5 potions of invisibility
 d - 3 potions of resistance
 e - 2 potions of might
 g - 4 potions of attraction
 h - 4 potions of magic
 j - 2 potions of ambrosia
 l - 11 potions of heal wounds
 n - 3 potions of flight
 o - 2 potions of haste
 w - 10 potions of curing
 E - 4 potions of lignification
 N - 2 potions of cancellation


   Skills:
 + Level 16.9 Fighting
 + Level 16.7 Axes
 + Level 17.0 Armour
 + Level 16.1 Dodging
 + Level 16.9 Shields


You had 15 spell levels left.
You didn't know any spells.
Your spell library contained the following spells:

 Spells                   Type           Power      Damage    Failure   Level
 Kiss of Death            Conj/Necr      0%         2d5       98%         1
 Slow                     Hex            0%         N/A       98%         1
 Blink                    Tloc           0%         N/A       99%         2
 Lesser Beckoning         Tloc           0%         N/A       99%         2
 Momentum Strike          Conj/Tloc      0%         3d8       99%         2
 Static Discharge         Conj/Air       0%         2-2/arc   99%         2
 Confusing Touch          Hex            0%         N/A       100%        3
 Hailstorm                Conj/Ice       0%         3d3       100%        3
 Vampiric Draining        Necr           0%         2d6       100%        3
 Airstrike                Air            0%         2d(0-16)  100%        4
 Anguish                  Hex/Necr       0%         N/A       100%        4
 Cause Fear               Hex            0%         N/A       100%        4
 Dispel Undead            Necr           0%         3d6       100%        4
 Ice Form                 Ice/Tmut       0%         N/A       100%        4
 Enfeeble                 Hex            0%         N/A       100%        7
 Summon Lightning Spire   Summ/Air       Unusable   N/A       N/A         4
 Simulacrum               Ice/Necr       Unusable   N/A       N/A         6

Dungeon Overview and Level Annotations

Branches:
Dungeon (15/15)            Temple (1/1) D:6            Lair (5/5) D:8
 Shoals (0/4) Lair:3       Spider (2/4) Lair:3        Slime (0/5) Lair:4
    Orc (2/2) D:11            Elf (0/3) Orc:2        Vaults (0/5) D:14
 Depths (0/4) D:15          IceCv (visited)         Volcano (visited)

Altars:
Ashenzari
Dithmenos
Gozag
Hepliaklqana
Kikubaaqudgha
Makhleb
Nemelex Xobeh
Okawaru
Qazlal
Ru
Sif Muna
Trog
Uskayaw
Vehumet
Wu Jian
Xom
Yredelemnul
Zin
Jiyva
Lugonu

Shops:
D:1 [   D:4 ?   D:7 [   D:9 (=([   D:13 (   Orc:2 [?:*

Portals:
Abyss: Orc:1
Pandemonium: Orc:2

Annotations:
D:5 2 transporters, Azuvok's ghost, novice FoFi
Orc:2 1 runed translucent door, TimeIsEndless's ghost, journeyman BaHu


Innate Abilities, Weirdness & Mutations

You have a pair of horns on your head.
You reflexively headbutt those who attack you in melee.
You are partially covered in iridescent scales. (AC +2)
You are dopey. (Int -2)
You are vulnerable to heat. (rF-)
Your spells are a little easier to cast, but a little less powerful.
You occasionally lose the ability to drink potions when taking damage.


Message History

The entropy weaver closely misses you. The entropy weaver barely misses you.
Arachne hits you but does no damage.
Unknown command.
You slash Arachne!
Arachne is severely wounded.
You slash the entropy weaver!
You feel sick. Arachne casts a spell at you. The bolt of poison hits you.
You are more poisoned.
You resist.
The entropy weaver hits you but does no damage.
The entropy weaver barely misses you. You block the entropy weaver's attack.
The entropy weaver closely misses you.
You slice Arachne!! You headbutt Arachne!
Arachne is almost dead.
You hit the entropy weaver.
You feel very sick. Arachne casts a spell at you. The poison arrow hits you!
You are more poisoned.
You partially resist.
* * * LOW HITPOINT WARNING * * *
The entropy weaver hits you but does no damage. x2
The entropy weaver completely misses you.
The entropy weaver hits you but does no damage.
You carve Arachne like a ham!!!
You kill Arachne!
Okawaru is honoured by your kill.
You slice the entropy weaver!!
A freezing mist starts to gather...
Arachne the Weaver comes into view.
You feel extremely sick.
The entropy weaver hits you but does no damage. x2
You block the entropy weaver's attack. The entropy weaver barely misses you.
You feel your intelligence returning.
Your life force feels restored.
You feel extremely sick. Arachne hits you.
* * * LOW HITPOINT WARNING * * *
Arachne freezes you!!!
You feel threatened and lose the ability to drink potions!
You die...

#..#^ ##.## ###. ^...#.
#...# ##.. ......
##^..####..# .....^#
#.^^##.....# .#.....###
##...#.......
^......^.####.........#..
#..##.#.......#...#
#BZ#...#.....######
##@....#####..##
#...†..### ##..#
##.#.....###...#
###....>.#^..##
##.##..##...##
####..###^..# #..#####..#
##..#....## ###...#....#


You could see an entropy weaver (soul bound) and Arachne the simulacrum.

Vanquished Creatures
  Arachne (Spider:2)
  Rupert (Orc:2)
  Gastronok (D:10)
  2 ghost moths
  A very ugly thing (D:15)
  A reaper (IceCv)
  4 spark wasps (Spider:1)
  2 fire dragons
  A great orb of eyes (D:15)
  Fannar (D:10)
  2 entropy weavers
  A radroach (Spider:2)
  2 hydras
  7 boulder beetles
  2 demonspawn (Orc:2)
  2 centaur warriors
  A catoblepas (Lair:4)
  2 dancing weapons (D:14)
  5 two-headed ogres
  A tengu warrior (D:15)
  7 orc high priests (Orc:2)
  3 sun demons (Volcano)
  5 pharaoh ants
  Lodul (D:12)
  3 orb spiders (Spider:1)
  3 lindwurms (Lair:3)
  6 orc knights
  A lindwurm (shapeshifter) (D:15)
  5 deep elf pyromancers
  A swamp dragon (Lair:5)
  4 steelbarb worms
  22 ugly things
  3 manticores
  8 orc sorcerers
  3 wolf spiders
  6 cyclopes
  2 moths of wrath (Spider:1)
  Maurice (D:9)
  9 elephants
  3 ice statues
  2 smoke demons (Volcano)
  6 black mambas
  2 demonic crawlers
  Joseph (D:9)
  3 gargoyles
  Maggie (D:6)
  A freezing wraith (D:15)
  2 torpor snails
  13 cane toads
  10 komodo dragons
  An orange demon (Orc:2)
  An unseen horror (D:11)
  5 rime drakes
  A yaktaur (D:12)
  Psyche (D:9)
  7 ice devils
  A kobold demonologist (D:12)
  A tengu conjurer (D:15)
  7 trolls
  2 hellwings (Orc:2)
  6 meliai (Spider:1)
  13 polar bears
  6 tarantellas
  8 hornets
  A tarantella (shapeshifter) (D:13)
  24 blink frogs
  2 raiju (Lair:5)
  8 culicivoras
  26 slime creatures
  16 jumping spiders
  A spriggan (shapeshifter) (D:11)
  A shadow (D:10)
  A water elemental (D:13)
  4 wraiths
  48 yaks
  3 fire bats (Orc:1)
  4 wyverns
  29 redbacks
  16 vampire mosquitoes
  2 basilisks
  10 steam dragons
  A death yak simulacrum (IceCv)
  7 wargs
  Menkaure (D:7)
  A harpy simulacrum (IceCv)
  5 acid dragons
  14 water moccasins
  16 hell hounds
  27 orc warriors
  14 black bears
  A swamp drake (Lair:5)
  5 ice beasts
  A sky beast (D:8)
  19 ogres
  9 centaurs
  53 wolves
  A phantom (D:6)
  2 kobold brigands
  3 gnoll sergeants
  11 bullfrogs
  3 two-headed ogre simulacra (IceCv)
  3 cane toad simulacra (IceCv)
  4 scorpions
  6 wights
  An elephant simulacrum (IceCv)
  16 killer bees
  2 howler monkeys
  2 quasits (D:4)
  3 jellies
  23 orc priests
  4 hounds
  3 sleepcaps
  6 iguanas
  26 orc wizards
  A polar bear simulacrum (IceCv)
  2 troll simulacra (IceCv)
  5 spriggan simulacra (IceCv)
  A wolf simulacrum (IceCv)
  8 gnolls
  2 naga simulacra (IceCv)
  18 adders
  2 shadow imps (D:4)
  5 white imps
  5 ufetubi
  2 worms
  A dart slug (D:4)
  73 orcs
  5 ball pythons
  5 endoplasms
  2 giant cockroaches
  5 goblins
  5 hobgoblins
  2 jackals (D:5)
  4 quokkas
  7 bats
  6 frilled lizards
  13 kobolds
  6 rats
911 creatures vanquished.

Vanquished Creatures (others)
  A broodmother (Spider:1)
  34 fungi
  A lurking horror (Orc:1)
  98 plants
134 creatures vanquished.

Grand Total: 1045 creatures vanquished

Notes
Turn   | Place    | Note
-------+----------+-------------------------------------------
     0 | D:1      | jrbgvjkr the Minotaur Fighter began the quest for the Orb.
     0 | D:1      | Reached XP level 1. HP: 19/19 MP: 0/0
    43 | D:1      | Found Xodim's Armour Shoppe.
   397 | D:1      | Reached XP level 2. HP: 27/27 MP: 1/1
   403 | D:1      | Gained mutation: You have very sharp teeth. [potion of
                  | mutation]
   403 | D:1      | Gained mutation: You have hidden genetic potential. [potion
                  | of mutation]
   775 | D:2      | Reached skill level 1 in Dodging
   777 | D:2      | Reached skill level 4 in Armour
   781 | D:2      | Reached XP level 3. HP: 33/33 MP: 2/2
   786 | D:2      | Gained mutation: You passively dampen the noise of your
                  | surroundings. [hidden potential]
  1147 | D:3      | Found a faded altar of an unknown god.
  1328 | D:3      | Found a radiant altar of Vehumet.
  1356 | D:3      | Found an ancient bone altar of Kikubaaqudgha.
  1609 | D:3      | Reached XP level 4. HP: 40/40 MP: 3/3
  1627 | D:3      | Found a shimmering altar of Xom.
  1648 | D:3      | Gained mutation: Your mind is acute. (Int +4, Str/Dex -1)
                  | [hidden potential]
  1648 | D:3      | Lost mutation: You have hidden genetic potential. [hidden
                  | potential expressed]
  1830 | D:3      | Reached XP level 5. HP: 40/47 MP: 4/4
  2152 | D:4      | Noticed an ogre
  2160 | D:4      | Killed an ogre
  2161 | D:4      | Reached skill level 5 in Fighting
  2161 | D:4      | Reached XP level 6. HP: 52/56 MP: 5/5
  2280 | D:4      | Reached skill level 5 in Armour
  2280 | D:4      | Reached skill level 5 in Shields
  2304 | D:4      | Found Pit Gick's Magic Scroll Boutique.
  2312 | D:4      | Bought a scroll of identify for 20 gold pieces
  2312 | D:4      | Bought a scroll of identify for 20 gold pieces
  2312 | D:4      | Bought a scroll of identify for 20 gold pieces
  2312 | D:4      | Bought a scroll of identify for 20 gold pieces
  2418 | D:4      | Reached XP level 7. HP: 61/61 MP: 6/6
  2515 | D:5      | Entered Level 5 of the Dungeon
  2610 | D:5      | Found a transporter.
  2610 | D:5      | Noticed Azuvok's ghost (novice FoFi)
  2610 | D:5      | Noticed a two-headed ogre
  2613 | D:5      | Found a transporter.
  2654 | D:5      | Identified a scroll of acquirement
  2654 | D:5      | Acquired 732 gold pieces
  2751 | D:5      | Reached skill level 5 in Axes
  3134 | D:6      | Found a hazy altar of Hepliaklqana.
  3138 | D:6      | Reached skill level 6 in Armour
  3146 | D:6      | Reached XP level 8. HP: 66/70 MP: 7/7
  3162 | D:6      | Found a staircase to the Ecumenical Temple.
  3173 | Temple   | Entered the Ecumenical Temple
  3258 | Temple   | Became a worshipper of Warmaster Okawaru
  3419 | D:6      | You fall into a shaft and drop 3 floors!
  3423 | D:9      | Noticed Maurice
  3435 | D:9      | Killed Maurice
  3445 | D:9      | Reached * piety under Okawaru
  3446 | D:9      | Reached skill level 5 in Dodging
  3481 | D:9      | Noticed a two-headed ogre
  3493 | D:9      | Found an ornate altar of the Wu Jian Council.
  3531 | D:10     | Entered Level 10 of the Dungeon
  3561 | D:10     | Noticed Fannar
  3576 | D:9      | Reached skill level 7 in Armour
  3579 | D:9      | Found an opulent altar of Gozag.
  3580 | D:9      | Found a glowing silver altar of Zin.
  3584 | D:9      | Found a broken altar of Ashenzari.
  3613 | D:8      | Found a staircase to the Lair.
  3621 | D:8      | Reached XP level 9. HP: 75/79 MP: 8/8
  3628 | D:8      | Paralysed by a hornet for 3 turns
  3633 | D:8      | Reached ** piety under Okawaru
  3768 | D:8      | Reached skill level 8 in Armour
  3797 | D:8      | Reached *** piety under Okawaru
  3940 | D:7      | Reached XP level 10. HP: 90/90 MP: 9/9
  3941 | D:7      | Found Vogot's Antique Armour Boutique.
  4162 | D:6      | Noticed Maggie
  4177 | D:6      | Killed Maggie
  4219 | D:6      | Reached **** piety under Okawaru
  4766 | D:7      | Noticed Menkaure
  4771 | D:7      | Killed Menkaure
  4772 | D:7      | Reached skill level 9 in Armour
  4868 | D:7      | Found a shadowy altar of Dithmenos.
  5982 | D:9      | Found Maowo's Antique Armour Boutique.
  5987 | D:9      | Bought an embroidered hat for 119 gold pieces
  6074 | D:9      | Found Hoom's General Store.
  6103 | D:9      | Found Usotor's Weapon Boutique.
  6287 | D:9      | Found Fiheuqir's Antique Weapon Emporium.
  6426 | D:9      | Found Bophaemp's Jewellery Shoppe.
  6442 | D:9      | Noticed Psyche
  6446 | D:9      | Killed Psyche
  6481 | D:9      | Reached ***** piety under Okawaru
  6507 | D:9      | Noticed Joseph
  6518 | D:9      | Killed Joseph
  6612 | D:10     | Killed Fannar
  6699 | D:10     | Reached XP level 11. HP: 89/99 MP: 10/10
  6706 | D:10     | Reached skill level 10 in Fighting
  6707 | D:10     | Reached skill level 10 in Shields
  6724 | D:10     | Noticed Gastronok
  6748 | D:10     | Killed Gastronok
  6749 | D:10     | Reached skill level 10 in Armour
  6868 | D:10     | Received a gift from Okawaru
  6937 | D:10     | Reached skill level 10 in Axes
  7075 | D:10     | Identified the +1 pair of gloves "Saowk" {rN++ Str+3 Int+2
                  | Slay-6}
  7268 | D:11     | Noticed a two-headed ogre
  7278 | D:11     | Killed a two-headed ogre
  7278 | D:11     | Reached ****** piety under Okawaru
  7378 | D:11     | Found a hide-covered altar of Uskayaw.
  7386 | D:11     | Received a gift from Okawaru
  7517 | D:11     | Reached skill level 11 in Armour
  7536 | D:11     | Noticed a two-headed ogre
  7543 | D:11     | Killed a two-headed ogre
  7763 | D:11     | Found a staircase to the Orcish Mines.
  7852 | D:11     | Noticed a boulder beetle
  7869 | D:11     | Killed a boulder beetle
  7869 | D:11     | Received a gift from Okawaru
  7870 | D:11     | Reached XP level 12. HP: 103/110 MP: 11/11
  8072 | D:12     | Noticed a two-headed ogre
  8086 | D:12     | Killed a two-headed ogre
  8117 | D:12     | Noticed a boulder beetle
  8135 | D:12     | Killed a boulder beetle
  8136 | D:12     | Reached skill level 10 in Dodging
  8343 | D:12     | Noticed Lodul
  8358 | D:12     | Killed Lodul
  8510 | D:12     | Noticed a centaur warrior
  8519 | D:12     | Killed a centaur warrior
  8520 | D:12     | Reached skill level 12 in Armour
  8541 | D:12     | Noticed a two-headed ogre
  8749 | D:12     | Killed a two-headed ogre
  8938 | D:12     | Noticed a boulder beetle
  8958 | D:12     | Killed a boulder beetle
  8958 | D:12     | Identified the +0 pair of boots of Huutafof {rElec Str-5
                  | Int+5 Stlth+} (Okawaru gifted it to you on level 12 of the
                  | Dungeon)
  8958 | D:12     | Received a gift from Okawaru
  9042 | D:12     | Reached XP level 13. HP: 116/119 MP: 12/12
  9437 | D:13     | Found Gugusug's Weapon Boutique.
  9587 | D:13     | Found a frozen archway.
  9614 | IceCv    | Entered an ice cave
  9997 | IceCv    | Identified the ring of Fistrorgh {rC+ Str+4 Slay-3 Stlth+}
  9997 | IceCv    | Noticed a reaper
 10014 | IceCv    | Killed a reaper
 10015 | IceCv    | Reached skill level 13 in Armour
 11163 | D:14     | Received a gift from Okawaru
 11366 | D:14     | Found a gate to the Vaults.
 12156 | Lair:1   | Entered Level 1 of the Lair of Beasts
 12424 | Lair:1   | Reached XP level 14. HP: 128/130 MP: 13/13
 12995 | Lair:2   | Reached skill level 14 in Armour
 13706 | Lair:3   | Found a hole to the Spider Nest.
 13707 | Lair:3   | Upgraded the game from 0.30-a0-1074-g5db6f66fbb to
                  | 0.30-a0-1082-g70414cbcbb
 13932 | Lair:3   | Identified the +1 pair of gloves of Qoqefev {rN++ Will++
                  | Stlth-} (Okawaru gifted it to you on level 3 of the Lair of
                  | Beasts)
 13932 | Lair:3   | Received a gift from Okawaru
 14180 | Lair:3   | Found a staircase to the Shoals.
 14971 | Lair:4   | Found a staircase to the Slime Pits.
 14972 | Lair:4   | Found a viscous altar of Jiyva.
 15333 | Lair:5   | Entered Level 5 of the Lair of Beasts
 15393 | Lair:5   | Identified the +6 glaive "Giajalui" {flame, Drain Fragile
                  | +Blink rElec Dex+3}
 15490 | Lair:5   | Received a gift from Okawaru
 15551 | Lair:5   | Reached XP level 15. HP: 139/139 MP: 14/14
 15587 | Lair:5   | Reached skill level 15 in Armour
 15977 | Lair:5   | Reached skill level 15 in Fighting
 15991 | Lair:5   | Reached skill level 15 in Shields
 16350 | Lair:5   | Reached skill level 15 in Axes
 16636 | Orc:1    | Entered Level 1 of the Orcish Mines
 16666 | Orc:1    | Found a one-way gate to the infinite horrors of the Abyss.
 16666 | Orc:1    | Found a corrupted altar of Lugonu.
 16815 | Orc:1    | Found a dark tunnel.
 16829 | Volcano  | Entered a volcano
 17120 | Volcano  | Identified the +7 plate armour of Insurance {rF+} (Okawaru
                  | gifted it to you in a volcano)
 17120 | Volcano  | Received a gift from Okawaru
 17713 | Orc:2    | Entered Level 2 of the Orcish Mines
 17775 | Orc:2    | Noticed Rupert
 17787 | Orc:2    | Killed Rupert
 17943 | Orc:2    | Found Zuagy's Magic Scroll Emporium.
 17951 | Orc:2    | Found Kure's General Store.
 18006 | Orc:2    | Bought a scroll of blinking for 120 gold pieces
 18019 | Orc:2    | Bought 2 potions of invisibility for 192 gold pieces
 18216 | Orc:2    | Reached skill level 16 in Armour
 18281 | Orc:2    | Found Wumukk's Antique Armour Boutique.
 18281 | Orc:2    | Found Kure's Book Shop.
 18282 | Orc:2    | Found a one-way gate leading to the halls of Pandemonium.
 18338 | Orc:2    | Found a staircase to the Elven Halls.
 18470 | Orc:2    | Found a runed translucent door.
 18470 | Orc:2    | Noticed TimeIsEndless's ghost (journeyman BaHu)
 18853 | D:15     | Entered Level 15 of the Dungeon
 18911 | D:15     | Lost mutation: Your mind is acute. (Int +4, Str/Dex -1)
                  | [potion of mutation]
 18911 | D:15     | Lost mutation: You have very sharp teeth. [potion of
                  | mutation]
 18911 | D:15     | Gained mutation: You occasionally lose the ability to drink
                  | potions when taking damage. [potion of mutation]
 18912 | D:15     | Lost mutation: You occasionally lose the ability to drink
                  | potions when taking damage. [potion of mutation]
 18912 | D:15     | Lost mutation: You passively dampen the noise of your
                  | surroundings. [potion of mutation]
 18912 | D:15     | Gained mutation: You occasionally shout uncontrollably at
                  | your foes. [potion of mutation]
 18912 | D:15     | Gained mutation: You sometimes lose your temper in combat.
                  | [potion of mutation]
 18912 | D:15     | Gained mutation: Your spells are a little harder to cast,
                  | but a little more powerful. [potion of mutation]
 18913 | D:15     | Lost mutation: You sometimes lose your temper in combat.
                  | [potion of mutation]
 18913 | D:15     | Lost mutation: You occasionally shout uncontrollably at
                  | your foes. [potion of mutation]
 18913 | D:15     | Gained mutation: Your body sometimes deteriorates upon
                  | taking damage. [potion of mutation]
 18913 | D:15     | Lost mutation: Your spells are a little harder to cast, but
                  | a little more powerful. [potion of mutation]
 18913 | D:15     | Gained mutation: Your flesh is cold resistant. (rC+)
                  | [potion of mutation]
 18914 | D:15     | Lost mutation: Your flesh is cold resistant. (rC+) [potion
                  | of mutation]
 18914 | D:15     | Lost mutation: Your body sometimes deteriorates upon taking
                  | damage. [potion of mutation]
 18914 | D:15     | Gained mutation: You sometimes lose your temper in combat.
                  | [potion of mutation]
 18914 | D:15     | Gained mutation: You passively dampen the noise of your
                  | surroundings. [potion of mutation]
 18914 | D:15     | Gained mutation: Your system is resistant to poisons.
                  | (rPois) [potion of mutation]
 18915 | D:15     | Lost mutation: You passively dampen the noise of your
                  | surroundings. [potion of mutation]
 18915 | D:15     | Lost mutation: You sometimes lose your temper in combat.
                  | [potion of mutation]
 18915 | D:15     | Gained mutation: You have hidden genetic defects. [potion
                  | of mutation]
 18915 | D:15     | Gained mutation: You are dopey. (Int -2) [potion of
                  | mutation]
 18915 | D:15     | Gained mutation: Your spells are a little easier to cast,
                  | but a little less powerful. [potion of mutation]
 18916 | D:15     | Lost mutation: Your system is resistant to poisons. (rPois)
                  | [potion of mutation]
 18916 | D:15     | Lost mutation: You are dopey. (Int -2) [potion of mutation]
 18916 | D:15     | Gained mutation: You are partially covered in iridescent
                  | scales. (AC +2) [potion of mutation]
 18916 | D:15     | Gained mutation: You are clumsy. (Dex -2) [potion of
                  | mutation]
 18916 | D:15     | Lost mutation: You are clumsy. (Dex -2) [potion of
                  | mutation]
 18971 | D:15     | Reached XP level 16. HP: 121/151 MP: 15/15
 19338 | D:15     | Found a staircase to the Depths.
 19391 | D:15     | Received a gift from Okawaru
 19794 | Spider:1 | Entered Level 1 of the Spider Nest
 19809 | Spider:1 | Gained mutation: You occasionally lose the ability to drink
                  | potions when taking damage. [hidden defects]
 19890 | Spider:1 | Received a gift from Okawaru
 20032 | Spider:1 | Reached skill level 15 in Dodging
 20540 | Spider:1 | Gained mutation: You are dopey. (Int -2) [hidden defects]
 20540 | Spider:1 | Lost mutation: You have hidden genetic defects. [hidden
                  | defects expressed]
 21443 | Spider:2 | Gained mutation: You are vulnerable to heat. (rF-)
                  | [mutagenic glow]
 21640 | Spider:2 | Noticed Arachne
 21655 | Spider:2 | Reached skill level 17 in Armour
 21665 | Spider:2 | Killed Arachne
 21666 | Spider:2 | Demolished by Arachne the simulacrum

Illustrated notes

Levels and vault maps discovered:
D:1:      psy_arrival_conway, layout_loops_ring, serial_shops,
          nicolae_shop_statue_plus, corexii_hall_statues_x
D:2:      layout_rooms
D:3:      layout_loops_corners, xom_confusion_cloud,
          mainiacjoe_overflow_two_lobes, shapermc_ecumenical_altar_flowoftime,
          minmay_misc_feat_hallway, wad_orctagon
D:4:      layout_basic, serial_demonic, serial_demonic_d, serial_demonic_d,
          serial_demonic_e, serial_demonic_a, serial_demonic_b, serial_shops,
          shop, minmay_manual_mail
D:5:      layout_basic, gammafunk_ghost_arena
D:6:      layout_loops_ring, nicolae_hepliaklqana_hazy_memory, temple_green,
          grunt_ministairs_14, uniq_maggie
D:7:      layout_basic, nicolae_dithmenos_shadow_blocks, nicolae_stop_n_shop_2,
          minmay_misc_feat_columns, uniq_menkaure
D:8:      layout_cave_pools, due_lair_maze_entry_diamond
D:9:      layout_stronghold, chequers_temple_overflow_statue_of_worship,
          nzn_wu_jian_contemplation, serial_column_ruins, column_ruins_hut,
          column_ruins_square_huge, column_ruins_grid_1,
          column_ruins_columns_corner, column_ruins_columns_straight,
          column_ruins_columns_dead_end, serial_shops, shop,
          nicolae_shop_bloodbath_and_beyond,
          nicolae_shop_temple_entry_statues_fountains, nicolae_shop_stone,
          kennysheep_little_box, uniq_maurice, uniq_joseph, uniq_psyche
D:10:     layout_rooms, uniq_gastronok, uniq_fannar
D:11:     layout_roguey, david_orc_4, minmay_ruined_shrine
D:12:     layout_roguey, minmay_alternating_orb, uniq_lodul
D:13:     layout_basic, serial_glass, glass_columns_a, glass_columns_b,
          glass_columns_b, glass_columns_b, glass_columns_b, glass_columns_c,
          minmay_strange_pillars, minmay_strange_pillars, serial_shops,
          nicolae_inconvenience_store, portal_ice_cave_demonic_guard,
          minmay_misc_feat_doors
D:14:     layout_stronghold, erik_vaults_1, nicolae_wwwww
D:15:     gammafunk_enter_depths_forms, layout_cave_pools, dk_noncrumbling_2
Temple:   dshaligram_water_room_temple
Lair:1:   layout_loops_ring, grunt_forest_large_clearings
Lair:2:   layout_regular_city, grunt_megastairs_4, serial_bayou_shore_a,
          lemuel_fruit_fields, serial_bayou_shore_b, infiniplex_staircase_pool_2
Lair:3:   minmay_lair_venomous_thicket, layout_gridlike, shoals_dummy_entry,
          spider_nest_entry_rubble, nicolae_lair_lindhole, lemuel_fruit_tree,
          serial_bayou_shore_b
Lair:4:   layout_hall_layers, slime_entry_1, minivault_23
Lair:5:   hangedman_lair_caniforms_friends, layout_cave_shapes,
          guppyfry_lair_end_dragon, ice2_lemuel
Spider:1: layout_chambers, dreamdust_wasp_nest
Spider:2: layout_spider_delve, uniq_arachne
Orc:1:    layout_caves, nicolae_volcano_entry_batcave,
          amcnicky_altar_lugonu_corruption
Orc:2:    pf_orc_diabolical, layout_caves, ebering_ghost_inner_flame,
          uniq_rupert

Skill      XL: |  1  2  3  4  5  6  7  8  9 10 11 12 13 14 15 16 |
---------------+-------------------------------------------------+-----
Dodging        | 1 2 3 4 5 6 8 9 10 12 13 14 16 | 16.1
Armour         | 4 5 6 7 8 9 11 12 13 14 16 17 | 17.0
Fighting       | 4 5 6 7 8 9 11 12 13 14 16 | 16.9
Shields        | 4 5 6 7 8 9 11 12 13 14 15 16 | 16.9
Axes           | 3 4 5 6 8 9 10 12 13 14 15 16 | 16.7

Action                     |  1- 3 |  4- 6 |  7- 9 | 10-12 | 13-15 | 16-18 || total
---------------------------+-------+-------+-------+-------+-------+-------++-------
  Melee: War axe           |    95 |   115 |   124 |   452 |  1248 |    24 ||  2058
         Headbutt          |    10 |     9 |    24 |   111 |   278 |    95 ||   527
         Bite              |     3 |     3 |    15 |    57 |   147 |       ||   225
         Broad axe         |       |       |       |       |       |   299 ||   299
 Invoke: Heroism           |       |       |       |       |     3 |     1 ||     4
  Evoke: Wand              |       |       |       |       |     2 |       ||     2
    Use: Scroll            |     9 |     6 |     8 |    10 |     7 |     2 ||    42
         Potion            |     1 |       |     6 |       |    11 |     3 ||    21
 Armour: Scale mail        |    34 |    62 |    92 |   220 |   462 |       ||   870
         Plate armour      |       |       |       |       |   130 |   332 ||   462
  Dodge: Dodged            |    43 |    79 |   112 |   232 |   673 |   181 ||  1320
  Block: Buckler           |    27 |    26 |    44 |   124 |   353 |   155 ||   729

Table legend: (Time is in decaauts)
 A = Elapsed time spent in this place.
 B = Non-inter-level travel time spent in this place.
 C = Inter-level travel time spent in this place.
 D = Time resting spent in this place.
 E = Time spent auto-exploring this place.
 F = Levels seen in this place.
 G = Mean time per level.
                   A        B        C        D        E       F      G
               +--------+--------+--------+--------+--------+-----+--------+
         Total |  21508 |  20184 |   1324 |    499 |  14536 |  27 |  796.6 |
       Dungeon |  12684 |  11682 |   1002 |    172 |   8680 |  15 |  845.6 |
        Temple |    101 |     85 |     16 |      0 |     48 |   1 |  101.0 |
          Lair |   4330 |   4135 |    195 |      0 |   3073 |   5 |  866.0 |
   Spider Nest |   1824 |   1781 |     43 |      0 |   1406 |   2 |  912.0 |
  Orcish Mines |   1609 |   1542 |     67 |     69 |   1061 |   2 |  804.5 |
      Ice Cave |    560 |    560 |      0 |    136 |    145 |   1 |  560.0 |
       Volcano |    398 |    398 |      0 |    121 |    123 |   1 |  398.0 |
               +--------+--------+--------+--------+--------+-----+--------+

Top non-repeatable levels by time:
Spider:1: 1457 daAuts
    D:12: 1331 daAuts
    D:14: 1266 daAuts
     D:7: 1157 daAuts
  Lair:3: 1147 daAuts
  Lair:5: 1078 daAuts
     D:3: 1009 daAuts
    D:13: 1007 daAuts
   Orc:2: 936 daAuts
    D:11: 886 daAuts
     D:9: 871 daAuts
  Lair:2: 803 daAuts
    D:15: 793 daAuts
  Lair:1: 776 daAuts
    D:10: 746 daAuts
